 Dungeon Crawl Stone Soup version 0.32-a0-791-gfc315c9ecd (webtiles) character file.

Game seed: 4586051666031338978

1519 wilfster70 the Magician (level 9, -6/66 HPs)
             Began as a Djinni Fire Elementalist on Mar 20, 2024.
             Mangled by Prince Ribbit (17 damage)
             ... on level 5 of the Dungeon.
             The game lasted 00:13:00 (3329 turns).

wilfster70 the Magician (Djinni Fire Elementalist)  Turns: 3329, Time: 00:13:01

Health: -6/66      AC:  3    Str:  7    XL:     9   Next: 9%
Gold:   353        EV: 15    Int: 21    God:
                   SH:  5    Dex: 14

rFire   + + .        a - +2 whip (freeze)
rCold   x . .        f - +0 buckler
rNeg    . . .        b - +0 robe
rPois   ∞            (no helmet)
rElec   .            (no cloak)
rCorr   .            k - +0 pair of gloves
SInv    +            (boots unavailable)
Will    .....        i - amulet of regeneration
Stlth   ++           c - ring of see invisible
HPRegen 1.11/turn    o - +5 ring of evasion
MPRegen 0.00/turn

%: infuse magic (-7 HP)
@: flying
A: sickness immunity, fire resistance 2, cold vulnerability 1, float, innate
caster, HP casting, extra vitality 1
a: no special abilities


You were on level 5 of the Dungeon.
You visited 1 branch of the dungeon, and saw 5 of its levels.

You collected 353 gold pieces.

Inventory:

Hand Weapons
 a - a +2 whip of freezing (weapon)
Armour
 b - a +0 robe (worn)
 f - a +0 buckler (worn)
 k - a +0 pair of gloves (worn)
Jewellery
 c - a ring of see invisible (left hand)
 i - an amulet of regeneration (around neck)
 o - a +5 ring of evasion (right hand)
 p - an amulet of reflection
Scrolls
 j - 2 scrolls of fog
 m - a scroll of enchant armour {unknown}
 n - 4 scrolls of teleportation {unknown}
 s - a scroll of noise {unknown}
 u - a scroll of summoning {unknown}
 x - a scroll of torment {unknown}
Potions
 d - a potion of degeneration {unknown}
 e - 3 potions of attraction {unknown}
 g - a potion of experience {unknown}
 h - 2 potions of heal wounds {unknown}
 l - 2 potions of resistance
 q - a potion of lignification {unknown}
 r - a potion of mutation {unknown}
 t - a potion of haste {unknown}
 v - a potion of curing {unknown}
 w - a potion of invisibility {unknown}


   Skills:
 + Level 5.7 Fighting
 - Level 2.1 Dodging
 - Level 1.5 Stealth
 - Level 6.0 Shields
 - Level 6.0 Spellcasting
 - Level 6.0 Conjurations
 - Level 6.0 Hexes
 - Level 6.0 Summonings
 - Level 6.0 Necromancy
 - Level 6.0 Translocations
 - Level 6.0 Fire Magic
 - Level 6.0 Ice Magic
 - Level 6.0 Air Magic
 - Level 6.0 Earth Magic
 - Level 6.0 Alchemy


You knew the following spells:

 Your Spells              Type           Power      Damage    Failure   Level
a - Foxfire               Conj/Fire      100%       2x1d9     1%          1
b - Scorch                Fire           62%        2d7       1%          2
c - Volatile Blastmotes   Fire/Tloc      62%        2d15      3%          3
d - Inner Flame           Hex/Fire       31%        N/A       3%          3
e - Flame Wave            Conj/Fire      31%        2d9       12%         4
f - Slow                  Hex            100%       N/A       1%          1
g - Static Discharge      Conj/Air       62%        3-6/arc   1%          2
h - Gell's Gravitas       Tloc           31%        N/A       3%          3
i - Dazzling Flash        Conj/Hex       62%        N/A       3%          3
Your spell library was empty.

Dungeon Overview and Level Annotations

Branches:
Dungeon (5/15)
 Temple: D:4-7

Altars:

Annotations:
D:5 Prince Ribbit


Innate Abilities, Weirdness & Mutations

You are immune to sickness and miasma.
You are immune to poison.
Your flesh is very heat resistant. (rF++)
You are vulnerable to cold. (rC-)
You float through the air rather than walking.
You learn spells naturally, not from books.
Your magical power is your life essence.
You have superior vitality. (+4 MHP)


Message History

Casting: Foxfire (safe; 1% risk of failure)
Confirm with . or Enter, or press ? or * to list all spells.
You conjure some foxfire!
The hound misses you.
The foxfire hits the hound.
The hound is severely wounded.
The foxfire hits the dart slug!
The dart slug is almost dead.
The hound closely misses you. The dart slug launches a dart at you.
The slug dart hits you. The hound bites you.
Casting: Foxfire (safe; 1% risk of failure)
Confirm with . or Enter, or press ? or * to list all spells.
You conjure some foxfire!
The hound bites you but does no damage.
Prince Ribbit comes into view.
The foxfire hits the dart slug but does no damage.
The dart slug is almost dead.
The foxfire hits the adder!
The adder is severely wounded.
The hound bites you.
Casting: Foxfire (safe; 1% risk of failure)
Confirm with . or Enter, or press ? or * to list all spells.
You conjure some foxfire!
* * * LOW HITPOINT WARNING * * *
You block the adder's attack. Prince Ribbit hits you.
* * * LOW HITPOINT WARNING * * *
The dart slug launches a dart at you. The slug dart misses you.
The adder closely misses you.
The foxfire hits the adder!
You kill the adder!
Prince Ribbit closely misses you. The dart slug launches a dart at you.
The slug dart hits you.
* * * LOW HITPOINT WARNING * * *
Prince Ribbit hits you.
* * * LOW HITPOINT WARNING * * *
Okay, then.
You completely miss the dart slug.
The dart slug is almost dead.
Prince Ribbit hits you!
You die...

### #####.# ## ###
#...#.# #.# ####.#
####.## #..##....#
##.# #hF.†...#####
#.#
#..#@w).....†######..
#..
###...†.......)...
#.. #......##...###.
#. ##....###.#.# #.
B. ##...# #...# #. .
#......###. .#
......#. .#.
......[.. #.# ..##
### .#.


You could see Prince Ribbit, a hound and a dart slug.

Vanquished Creatures
  Pikel (D:3)
  Grinder (D:4)
  Sigmund (D:4)
  An ogre (D:4)
  A black bear (D:5)
  4 lemures (D:3)
  A phantom (D:5)
  2 scorpions
  2 howler monkeys
  An orc priest (D:3)
  A sleepcap (D:4)
  2 iguanas
  An orc wizard (D:4)
  7 adders
  2 dart slugs
  2 ribbon worms
  8 orcs
  9 ball pythons
  6 bats
  5 endoplasms
  8 giant cockroaches
  8 goblins
  5 hobgoblins
  10 kobolds
  3 quokkas
  3 frilled lizards
  3 rats
98 creatures vanquished.

Vanquished Creatures (others)
  194 foxfires
194 creatures vanquished.

Grand Total: 292 creatures vanquished

Notes
Turn   | Place    | Note
-------+----------+-------------------------------------------
     0 | D:1      | wilfster70 the Djinni Fire Elementalist began the quest for
                  | the Orb.
     0 | D:1      | wilfster70 set off with the following spells memorised:
                  | Foxfire, Scorch, Volatile Blastmotes, Inner Flame, Flame
                  | Wave.
     0 | D:1      | Reached XP level 1. HP: 15/15 MP: 0/0
    59 | D:1      | Reached XP level 2. HP: 19/21 MP: 0/0
   327 | D:1      | Reached XP level 3. HP: 24/25 MP: 0/0
   327 | D:1      | Learned a level 1 spell: Slow
  1244 | D:2      | Reached XP level 4. HP: 23/31 MP: 0/0
  1270 | D:2      | Found a faded altar of an unknown god.
  1625 | D:3      | Reached XP level 5. HP: 33/35 MP: 0/0
  1625 | D:3      | Learned a level 2 spell: Static Discharge
  2402 | D:4      | Noticed Pikel
  2402 | D:4      | Noticed a lemure
  2402 | D:4      | Noticed a lemure
  2402 | D:4      | Noticed a lemure
  2402 | D:4      | Noticed a lemure
  2417 | D:3      | Killed a lemure
  2432 | D:3      | Killed a lemure
  2442 | D:3      | Killed a lemure
  2480 | D:3      | Killed a lemure
  2515 | D:3      | Killed Pikel
  2516 | D:3      | Reached XP level 6. HP: 23/40 MP: 0/0
  2516 | D:3      | Reached XP level 7. HP: 26/45 MP: 0/0
  2516 | D:3      | Learned a level 3 spell: Gell's Gravitas
  2589 | D:4      | Noticed Sigmund
  2610 | D:4      | Killed Sigmund
  2611 | D:4      | Reached XP level 8. HP: 43/50 MP: 0/0
  2661 | D:4      | Reached skill level 5 in Shields
  2704 | D:4      | Noticed Grinder
  2725 | D:4      | Paralysed by Grinder for 5 turns
  2742 | D:4      | Killed Grinder
  2874 | D:4      | Found the +7 staff of the Meek {protect, meekguard}
  3049 | D:5      | Entered Level 5 of the Dungeon
  3313 | D:5      | Reached skill level 5 in Fighting
  3313 | D:5      | Reached XP level 9. HP: 37/65 MP: 0/0
  3313 | D:5      | Learned a level 3 spell: Dazzling Flash
  3325 | D:5      | Noticed Prince Ribbit
  3329 | D:5      | Mangled by Prince Ribbit

Illustrated notes

Levels and vault maps discovered:
D:1:      ncdulo_watergridlock, layout_loops_cross, minmay_misc_feat_tiny,
          kennysheep_another_room, minmay_tetromino_t2
D:2:      layout_loops_corners, dreamdust_ecumenical_altar_angels_and_demons,
          minivault_14
D:3:      layout_loops_ring
D:4:      layout_basic, uniq_grinder, uniq_sigmund, uniq_pikel
D:5:      layout_layer_cave, minmay_temple_entry_hall, minmay_starry_boxes,
          uniq_prince_ribbit1

Skill      XL: |  1  2  3  4  5  6  7  8 |
---------------+-------------------------+-----
Spellcasting   | 4 6 |  6.0
Conjurations   | 4 6 |  6.0
Hexes          | 4 6 |  6.0
Summonings     | 4 6 |  6.0
Necromancy     | 4 6 |  6.0
Translocations | 4 6 |  6.0
Fire Magic     | 4 6 |  6.0
Ice Magic      | 4 6 |  6.0
Air Magic      | 4 6 |  6.0
Earth Magic    | 4 6 |  6.0
Alchemy        | 4 6 |  6.0
Shields        | 3 4 6 |  6.0
Fighting       | 5 |  5.7
Dodging        | |  2.1
Stealth        | |  1.5

Action                     |  1- 3 |  4- 6 |  7- 9 || total
---------------------------+-------+-------+-------++-------
  Melee: Dagger            |     2 |     9 |       ||    11
         Whip              |       |       |     6 ||     6
   Cast: Foxfire           |    50 |    39 |    28 ||   117
         Volatile Blastmot |       |     8 |    23 ||    31
         Static Discharge  |       |     1 |       ||     1
         Flame Wave        |       |       |     1 ||     1
    Use: Scroll            |     1 |     1 |       ||     2
         Potion            |       |     1 |       ||     1
 Armour: Robe              |    25 |    37 |    44 ||   106
  Dodge: Dodged            |    23 |    49 |    27 ||    99
  Block: Buckler           |       |       |     9 ||     9

Table legend: (Time is in decaauts)
 A = Elapsed time spent in this place.
 B = Non-inter-level travel time spent in this place.
 C = Inter-level travel time spent in this place.
 D = Time resting spent in this place.
 E = Time spent auto-exploring this place.
 F = Levels seen in this place.
 G = Mean time per level.
                   A        B        C        D        E       F      G
               +--------+--------+--------+--------+--------+-----+--------+
         Total |   3332 |   3196 |    136 |    171 |   1366 |   5 |  666.4 |
       Dungeon |   3332 |   3196 |    136 |    171 |   1366 |   5 |  666.4 |
               +--------+--------+--------+--------+--------+-----+--------+

Top non-repeatable levels by time:
     D:3: 917 daAuts
     D:2: 891 daAuts
     D:4: 676 daAuts
     D:1: 644 daAuts
     D:5: 202 daAuts
